 Dungeon Crawl Stone Soup version 0.31-a0-217-g58bb5d79cf (webtiles) character file.

Game seed: 4438314970859473300

177 qw the Shooter (level 5, -6/45 HPs)
             Began as a Minotaur Hexslinger on July 3, 2023.
             Mangled by an ogre
             ... wielding a +0 giant spiked club
              (26 damage)
             ... on level 3 of the Dungeon.
             The game lasted 00:00:55 (2059 turns).

qw the Shooter (Minotaur Hexslinger)                Turns: 2059, Time: 00:00:55

Health: -6/45      AC:  3    Str: 13    XL:     5   Next: 30%
Magic:  5/5        EV: 12    Int: 10    God:
Gold:   137        SH:  0    Dex: 14    Spells: 5/6 levels left

rFire   . . .        Y - +3 sling
rCold   . . .        (no shield)
rNeg    . . .        e - +0 leather armour
rPois   .            (helmet restricted)
rElec   .            (no cloak)
rCorr   .            (no gloves)
SInv    .            (no boots)
Will    .....        (no amulet)
Stlth   +            (no ring)
HPRegen 0.27/turn    (no ring)
MPRegen 0.09/turn

%: no passive effects
@: no status effects
A: horns 2, retaliatory headbutt
a: no special abilities


You were on level 3 of the Dungeon.
You visited 1 branch of the dungeon, and saw 3 of its levels.

You collected 137 gold pieces.


Innate Abilities, Weirdness & Mutations

You have a pair of horns on your head.
You reflexively headbutt those who attack you in melee.


   Skills:
 - Level 3.2 Fighting
 + Level 5.4 Ranged Weapons
 - Level 2.1 Dodging
 - Level 1.0 Spellcasting
 - Level 2.0 Hexes


You had 5 spell levels left.
You knew the following spells:

 Your Spells              Type           Power      Damage    Failure   Level
a - Slow                  Hex            16%        N/A       19%         1

Your spell library contained the following spells:

 Spells                   Type           Power      Damage    Failure   Level
 Inner Flame              Hex/Fire       2%         N/A       65%         3
 Portal Projectile        Hex/Tloc       4%         N/A       65%         3
 Cause Fear               Hex            2%         N/A       88%         4

Inventory:

Hand Weapons
 Y - a +3 sling (weapon)
Armour
 e - a +0 leather armour (worn)
Wands
 c - a wand of digging (4)
Scrolls
 a - 2 scrolls of identify
 h - a scroll of noise {unknown}
Potions
 b - a potion of degeneration {unknown}
 d - 2 potions of might {unknown}
 f - a potion of enlightenment
 g - a potion of curing

Dungeon Overview and Level Annotations

Branches:
Dungeon (3/15)

Altars:

Shops:
D:1 [[?=

Annotations:
D:2 1 runed translucent door, Crazy Yiuf


Message History

You shoot a sling bullet.
The sling bullet closely misses the rat.
The rat closely misses you. You furiously retaliate!
You headbutt the rat!
You kill the rat!
There is an open door here.
You open the door.
An endoplasm comes into view.
Found four items.
Enter note: You shoot a sling bullet.
The sling bullet hits the endoplasm.
The endoplasm is moderately wounded.
A kobold comes into view. It is wielding a +0 short sword.
You shoot a sling bullet.
The sling bullet barely misses the kobold.
The kobold throws a stone.
The stone misses you.
You shoot a sling bullet. The sling bullet hits the kobold.
You kill the kobold!
You shoot a sling bullet. The sling bullet hits the endoplasm!
You kill the endoplasm!
There is an open door here.
h - a scroll labelled EHEUJEZXIS
Enter note: You now have 137 gold pieces (gained 15).
a - 2 scrolls of identify (gained 1)
You open the door.
An ogre comes into view. It is wielding a +0 giant spiked club.
Enter note: You shoot a sling bullet.
The sling bullet barely misses the ogre.
You shoot a sling bullet. The sling bullet hits the ogre.
The ogre is lightly wounded.
The ogre hits you with a +0 giant spiked club!!
Ouch! That really hurt!
You shoot a sling bullet.
The sling bullet barely misses the ogre.
You shoot a sling bullet. The sling bullet hits the ogre.
The ogre is lightly wounded.
The ogre hits you with a +0 giant spiked club!!
Ouch! That really hurt!
You die...

#.....###.....###.####
##.....###.....##.....
#
##.....###...).#.#.##
#. ##.....###....#.#.#
+.. ##.....###...'...#
#... ###'### ##..#.###
#.... #...).# ##.#.#
#....#.....# ###.#
#...O@....+ #.#
##..#..[..# #.. ##
#.....# #.# ###+###
#.#


You could see an ogre.

Vanquished Creatures
  Terence (D:2)
  Natasha (thrice) (D:2)
  2 adders (D:2)
  2 worms (D:2)
  3 dart slugs
  2 ball pythons
  5 endoplasms
  2 giant cockroaches
  5 goblins
  6 hobgoblins
  6 bats
  3 frilled lizards
  4 kobolds
  5 rats
49 creatures vanquished.

Notes
Turn   | Place    | Note
-------+----------+-------------------------------------------
     0 | D:1      | qw the Minotaur Hexslinger began the quest for the Orb.
     0 | D:1      | Reached XP level 1. HP: 16/16 MP: 1/1
     0 | D:1      | 0 ||| qw: Version: 0.3-a-40-ge99b1a8
     0 | D:1      | 0 ||| qw: Game counter: 293
     0 | D:1      | 0 ||| qw: Melee chars always use a shield: true
     0 | D:1      | 0 ||| qw: God list: Okawaru
     0 | D:1      | 0 ||| qw: Allow faded altars: false
     0 | D:1      | 0 ||| qw: Do Orc after clearing Dungeon:15 true
     0 | D:1      | 0 ||| qw: Do second Lair branch before Depths: true
     0 | D:1      | 0 ||| qw: Lair rune preference: random
     0 | D:1      | 0 ||| qw: Goals: Normal
     0 | D:1      | 0 ||| PLANNING D:1-11
    44 | D:1      | Found Voujebam's Magic Scroll Shop.
    58 | D:1      | 58 ||| SHOPLISTING scroll of identify (24 gold, have 4).
    58 | D:1      | 58 ||| SHOPLISTING scroll of teleportation (36 gold, have
                  | 4).
    92 | D:1      | Found Jesasm's Antique Armour Shoppe.
    97 | D:1      | Found a faded altar of an unknown god.
   101 | D:1      | 101 ||| SHOPLISTING cloak (117 gold, have 4).
   101 | D:1      | 101 ||| SHOPLISTING faintly humming ring mail (234 gold,
                  | have 4).
   101 | D:1      | 101 ||| SHOPLISTING ring mail (104 gold, have 4).
   209 | D:1      | Reached skill level 3 in Ranged Weapons
   209 | D:1      | Reached XP level 2. HP: 23/23 MP: 2/2
   280 | D:1      | Found Xeciheny's Jewellery Shoppe.
   288 | D:1      | 288 ||| SHOPLISTING +6 ring of dexterity (468 gold, have
                  | 15).
   288 | D:1      | 288 ||| SHOPLISTING amulet of the acrobat (390 gold, have
                  | 15).
   288 | D:1      | 288 ||| SHOPLISTING ring of fire (325 gold, have 15).
   288 | D:1      | 288 ||| SHOPLISTING ring of ice (325 gold, have 15).
   288 | D:1      | 288 ||| SHOPLISTING ring of protection from fire (325 gold,
                  | have 15).
   437 | D:1      | Found Cikhlarau's Antique Armour Shoppe.
   445 | D:1      | 445 ||| SHOPLISTING pair of embroidered gloves (120 gold,
                  | have 15).
   445 | D:1      | 445 ||| SHOPLISTING pair of glowing boots (120 gold, have
                  | 15).
   445 | D:1      | 445 ||| SHOPLISTING ring mail (64 gold, have 15).
   525 | D:1      | 525 ||| FLEEEEING.
   526 | D:1      | 526 ||| FLEEEEING.
   527 | D:1      | 527 ||| FLEEEEING.
   653 | D:1      | 653 ||| UPGRADING to +0 leather armour.
   663 | D:1      | 663 ||| DROPPING +0 robe.
   664 | D:1      | 664 ||| READING 2 scrolls labelled LESOTH RYESI NUPT.
   665 | D:1      | 665 ||| READING scroll labelled ECWAZE EMIAPP.
   666 | D:1      | 666 ||| DROPPING scroll of poison.
   705 | D:2      | Noticed Natasha
   708 | D:2      | 708 ||| Stepping ~*~*~tactically~*~*~ (outnumbered).
   712 | D:2      | Killed Natasha
   713 | D:2      | Reached XP level 3. HP: 22/29 MP: 3/3
   770 | D:2      | Reached skill level 4 in Ranged Weapons
   826 | D:2      | Noticed Natasha
   834 | D:2      | Killed Natasha
   835 | D:2      | Reached XP level 4. HP: 19/36 MP: 4/4
   891 | D:2      | Noticed Terence
   900 | D:2      | 900 ||| DRINKING 2 green potions.
   905 | D:2      | 905 ||| FLEEEEING.
   906 | D:2      | 906 ||| FLEEEEING.
   911 | D:2      | HP: 6/36 [Terence/+0 trident (6)]
   913 | D:2      | Killed Terence
   914 | D:2      | Reached skill level 5 in Ranged Weapons
  1058 | D:2      | 1058 ||| READING scroll of enchant weapon.
  1058 | D:2      | 1058 ||| ENCHANTING +2 sling.
  1225 | D:2      | 1225 ||| FLEEEEING.
  1226 | D:2      | 1226 ||| FLEEEEING.
  1339 | D:2      | Noticed Natasha
  1348 | D:2      | Killed Natasha
  1349 | D:2      | Reached skill level 3 in Fighting
  1349 | D:2      | Reached XP level 5. HP: 33/45 MP: 5/5
  1622 | D:2      | Found a runed translucent door.
  1623 | D:2      | Noticed Crazy Yiuf
  1737 | D:2      | 1737 ||| READING scroll labelled GICZY TOSUPLAD.
  1738 | D:2      | 1738 ||| READING scroll labelled ZEEN ZYAFA.
  1796 | D:2      | 1796 ||| DRINKING 2 fuming amethyst potions.
  1837 | D:3      | 1837 ||| STAIRDANCE
  2055 | D:3      | Noticed an ogre
  2059 | D:3      | Mangled by an ogre

Levels and vault maps discovered:
D:1:      minmay_arrival_hallway, layout_basic, shapermc_ecumenical_altar_venn,
          serial_shops, nicolae_square_shop, shop, nicolae_diamond_shop, shop,
          hangedman_glass_teeth, minmay_misc_feat_columns
D:2:      layout_basic, minmay_fountain_box, kennysheep_generic_room_6,
          uniq_crazy_yiuf_cottage, uniq_natasha, uniq_terence
D:3:      layout_basic, serial_bayou_pond_e, minmay_quadrilaterals

Skill      XL: |  1  2  3  4 |
---------------+-------------+-----
Ranged Weapons | 3 4 5 |  5.4
Fighting       | 2 3 |  3.2
Dodging        | |  2.1
Spellcasting   | |  1.0
Hexes          | |  2.0

Action                     |  1- 3 |  4- 6 || total
---------------------------+-------+-------++-------
   Fire: Sling             |    91 |    89 ||   180
    Use: Scroll            |     2 |     3 ||     5
         Potion            |       |     2 ||     2
 Armour: Robe              |     1 |       ||     1
         Leather armour    |     5 |     4 ||     9
  Dodge: Dodged            |    31 |    24 ||    55

Table legend:
 A = Non-vault XP
 B = Vault XP
 C = Vault XP percentage of total XP
 D = Non-vault monster count
 E = Vault monster count
 F = Vault count percentage of total count
                 A         B        C        D         E       F
            +---------+---------+-------+---------+---------+-------
      Total |     171 |      82 |  32.4 |      41 |       8 |  16.3
            +---------+---------+-------+---------+---------+-------
        D:1 |      24 |       0 |   0.0 |      15 |       0 |   0.0
        D:2 |     140 |      75 |  34.9 |      23 |       4 |  14.8
        D:3 |       7 |       7 |  50.0 |       3 |       4 |  57.1
            +---------+---------+-------+---------+---------+-------
